Map: Overgrowth LE (Void)

Players

Noak - Winner!

  • Race: Zerg Zerg
  • League: Diamond
  • Spawn Location: 1:00

Trizztein

  • Race: Terran Terran
  • League: Diamond
  • Spawn Location: 7:00

VOD

Have the link to the VOD?

Description

Time

  • Played on: Dec. 15, 2016, 6:09 p.m.
  • Length: 14:17
Show
View Real Time Build Order
Export as new Build Order

Noak Zerg - Winner!

Build Orders: Hatch First 

Get SALT Encoding   

  12  0:01  Drone  
  13  0:13  Overlord  
  13  0:21  Drone  
  14  0:37  Drone x2  
  14  0:39  Drone  
  17  0:53  Hatchery  
  17  0:55  Drone  
  17  1:10  Spawning Pool  
  16  1:12  Drone  
  16  1:17  Extractor  
  17  1:18  Drone  
  17  1:29  Drone  
  18  1:39  Drone  
  19  1:44  Drone  
  20  1:52  Overlord  
  20  2:05  Queen x2  
  20  2:06  Zergling x4  
  26  2:14  Drone  
  27  2:16  Zergling x2  
  27  2:17  Metabolic Boost  
  28  2:24  Overlord  
  28  2:34  Drone  
  29  2:41  Drone  
  29  2:42  Drone  
  31  2:49  Drone x2  
  31  2:50  Queen  
  35  2:54  Pneumatized Carapace  
  35  2:57  Overlord  
  35  3:01  Drone  
  36  3:08  Drone  
  37  3:16  Drone x7  
  44  3:26  Queen  
  46  3:27  Drone x2  
  48  3:36  Extractor  
  48  3:43  Hatchery  
  48  3:45  Drone  
  48  3:46  Drone  
  48  3:48  Drone x2  
  51  3:59  Evolution Chamber  
  51  4:00  Evolution Chamber, Queen  
  51  4:06  Overlord  
  51  4:07  Drone  
  52  4:14  Queen, Extractor x2  
  54  4:18  Overlord  
  54  4:27  Drone x6  
  54  4:29  Overlord  
  60  4:33  Zerg Melee Weapons Level 1, Extractor, Zerg Ground Armor Level 1  
  57  4:41  Roach Warren  
  57  4:43  Queen  
  57  4:47  Overlord  
  57  4:50  Queen  
  57  4:52  Spore Crawler  
  58  4:54  Spore Crawler  
  57  5:00  Queen  
  57  5:05  Zergling x2  
  57  5:06  Zergling x12  
  66  5:07  Zergling x2  
  67  5:15  Overlord  
  65  5:23  Overlord  
  65  5:24  Drone x4  
  68  5:33  Drone  
  68  5:34  Drone x4  
  73  5:36  Drone  
  73  5:41  Extractor  
  72  5:48  Lair  
  70  5:52  Drone, Extractor  
  70  5:53  Drone x4  
  74  5:59  Drone x2  
  74  6:01  Drone  
  77  6:04  Drone  
  77  6:05  Drone x2  
  77  6:08  Hatchery  
  79  6:11  Overlord  
  79  6:12  Drone x2  
  79  6:14  Overlord  
  79  6:15  Drone  
  79  6:16  Drone x3  
  85  6:23  Drone  
  85  6:25  Extractor x2  
  84  6:28  Spore Crawler  
  84  6:30  Drone x5  
  85  6:36  Hatchery  
  84  6:42  Drone x7  
  90  6:55  Drone  
  90  6:56  Drone x5, Zerg Ground Armor Level 2  
  90  7:00  Zerg Melee Weapons Level 2  
  96  7:06  Overseer  
  96  7:12  Infestation Pit  
  96  7:14  Drone x7  
  102  7:27  Drone  
  102  7:28  Drone x9  
  112  7:35  Glial Reconstitution  
  108  7:41  Extractor  
  107  7:46  Extractor  
  106  7:52  Hive  
  106  7:56  Roach  
  106  7:57  Roach x12  
  132  7:59  Overlord x3  
  132  8:07  Overlord  
  132  8:10  Overlord x3  
  132  8:16  Hatchery  
  131  8:22  Spore Crawler  
  131  8:23  Spore Crawler  
  131  8:26  Spine Crawler x2  
  127  8:28  Spine Crawler  
  127  8:30  Spine Crawler  
  127  8:31  Spine Crawler x2  
  127  8:32  Roach x8, Spine Crawler  
  127  8:33  Roach  
  132  8:35  Queen  
  132  8:43  Zergling x12  
  132  8:44  Zergling x4  
  140  8:52  Roach  
  140  8:53  Roach x5  
  151  8:56  Tunneling Claws  
  151  8:58  Burrow  
  151  9:00  Roach  
  151  9:01  Roach  
  149  9:12  Ravager x2  
  149  9:13  Ravager x15  
  149  9:15  Zergling x12  
  172  9:34  Roach  
  172  9:35  Roach x9  
  161  9:57  Viper, Roach  
  161  9:58  Roach x3  
  160  10:13  Roach x3  
  160  10:14  Roach x15  
  185  10:21  Ultralisk Cavern  
  185  10:23  Drone  
  185  10:24  Drone x6  
  191  10:30  Ravager  
  191  10:31  Ravager x2  
  194  10:38  Drone  
  194  10:40  Extractor  
  194  10:44  Overlord  
  194  10:45  Overseer  
  178  11:18  Roach x8  
  160  11:19  Roach x6  
  182  11:27  Roach  
  182  11:28  Roach x10  
  181  11:34  Chitinous Plating  
  181  11:37  Zerg Ground Armor Level 3  
  181  11:38  Zerg Melee Weapons Level 3  
  170  11:48  Roach  
  170  11:49  Roach x8  
  183  11:58  Ravager  
  183  11:59  Ravager  
  178  12:01  Queen  
  178  12:02  Extractor  
  178  12:03  Extractor  
  178  12:14  Ravager x4  
  182  12:23  Hatchery  
  182  12:25  Zergling x2  
  182  12:27  Zergling x2  
  182  12:29  Zergling x2  
  184  12:30  Zergling x30  
  138  13:12  Roach x3  
  148  13:13  Roach x22  
  148  13:14  Zergling x2  
  174  13:21  Queen  
  155  13:42  Ravager  
  155  13:43  Ravager x8  
  155  13:44  Ravager x3  
  155  13:45  Ravager x2  
  155  13:47  Zergling x30  
  155  13:48  Zergling x12  
  190  13:52  Ravager x3  
  190  13:53  Ravager x5  
Show
View Real Time Build Order
Export as new Build Order

Trizztein Terran 

Build Orders: Reaper Expand, Hellion Banshee, Mech 

Get SALT Encoding   

  12  0:01  SCV  
  13  0:13  SCV  
  14  0:20  Supply Depot  
  14  0:31  SCV  
  15  0:43  SCV, Barracks  
  16  0:52  Refinery  
  16  0:55  SCV  
  17  1:07  SCV  
  18  1:20  SCV  
  19  1:32  Orbital Command  
  19  1:34  Reaper  
  20  1:43  Command Center  
  20  1:52  Supply Depot  
  20  1:58  SCV  
  21  2:06  Marine  
  22  2:10  SCV  
  22  2:14  Factory  
  23  2:15  Refinery  
  24  2:22  SCV  
  24  2:28  Barracks Reactor  
  24  2:35  SCV  
  25  2:47  SCV  
  26  2:59  Starport  
  26  3:02  SCV  
  26  3:03  Orbital Command  
  27  3:11  Hellion x2  
  31  3:14  SCV  
  31  3:17  Barracks Tech Lab  
  32  3:24  Supply Depot  
  32  3:26  SCV  
  33  3:28  SCV  
  33  3:32  Hellion x2  
  38  3:38  SCV  
  38  3:40  SCV  
  40  3:50  SCV  
  40  3:52  SCV, Cloaking Field, Banshee  
  45  3:59  Hellion x2  
  45  4:02  SCV, Armory  
  50  4:04  SCV  
  51  4:14  SCV  
  51  4:16  SCV  
  53  4:26  SCV  
  54  4:42  Command Center  
  54  4:43  Supply Depot  
  54  4:44  Supply Depot  
  54  4:51  Refinery  
  54  4:52  Refinery  
  54  4:56  Factory  
  54  5:04  Banshee  
  54  5:05  SCV x2, Hellion x2  
  61  5:17  SCV x2  
  61  5:22  Factory, Engineering Bay  
  61  5:24  Terran Vehicle Weapons Level 1  
  55  5:29  SCV  
  55  5:32  SCV  
  54  5:41  SCV  
  55  5:44  SCV  
  55  5:47  Banshee  
  59  5:53  SCV  
  59  5:56  SCV, Orbital Command  
  61  6:03  Supply Depot, Factory Reactor  
  61  6:05  Factory Tech Lab, SCV  
  61  6:07  Supply Depot  
  61  6:08  SCV  
  61  6:09  Hellion x2  
  67  6:17  SCV  
  68  6:20  SCV  
  68  6:21  SCV  
  72  6:25  Hellion  
  72  6:29  SCV  
  72  6:30  Hellion  
  72  6:32  SCV  
  77  6:41  SCV  
  77  6:45  SCV  
  77  6:47  Cyclone x2, Hellion x2  
  85  6:51  Orbital Command  
  85  6:54  SCV, Hellion  
  91  7:01  SCV  
  91  7:06  Raven  
  94  7:09  Siege Tank  
  94  7:11  SCV  
  94  7:13  SCV  
  99  7:17  Supply Depot  
  99  7:20  Supply Depot, Terran Vehicle Weapons Level 2  
  99  7:21  Supply Depot  
  96  7:23  Refinery  
  96  7:25  SCV, Refinery  
  96  7:26  Armory  
  98  7:37  Cyclone, Hellion x2  
  98  7:39  SCV x3, Cyclone  
  107  7:44  Hellion  
  109  7:51  SCV x2  
  109  7:54  Supply Depot  
  109  7:57  Missile Turret  
  111  8:00  Supply Depot, Missile Turret  
  111  8:02  Missile Turret  
  111  8:04  Missile Turret  
  111  8:06  Supply Depot, Hellion  
  111  8:07  Hellion  
  111  8:08  Missile Turret  
  115  8:18  SCV x2  
  117  8:20  Terran Vehicle And Ship Armor Level 1  
  117  8:25  Factory  
  117  8:26  Factory, SCV  
  118  8:29  Starport  
  118  8:38  Starport Reactor  
  118  8:39  Siege Tank, Hellion x3  
  127  8:48  Supply Depot x2  
  127  8:50  Supply Depot x2, Hellion  
  129  9:00  Hellion x2  
  133  9:03  Hellion  
  133  9:08  Starport Tech Lab  
  132  9:10  SCV, Starport Reactor  
  132  9:11  Siege Tank  
  132  9:12  Factory Tech Lab, Factory Reactor  
  132  9:16  Supply Depot  
  136  9:20  Supply Depot  
  136  9:22  Supply Depot  
  136  9:23  Command Center  
  136  9:25  SCV, Supply Depot  
  136  9:27  Supply Depot  
  137  9:35  Command Center, Hellion x2  
  137  9:36  Viking, Siege Tank, Hellion  
  137  9:37  Viking  
  122  9:55  Siege Tank  
  122  9:56  Hellion x3  
  122  9:57  Hellion  
  128  10:01  Liberator x2  
  128  10:02  Liberator  
  119  10:08  Siege Tank  
  111  10:21  Hellion x2  
  119  10:27  Siege Tank  
  119  10:32  Hellion x3  
  123  10:35  Hellion  
  123  10:40  Siege Tank  
  123  10:42  Terran Vehicle Weapons Level 3  
  126  10:53  Terran Vehicle And Ship Armor Level 2  
  124  10:59  Siege Tank  
  125  11:06  Cyclone  
  125  11:07  Cyclone x2, Hellion  
  132  11:12  Siege Tank  
  132  11:18  Hellion x2  
  101  11:31  SCV x3  
  101  11:32  Siege Tank  
  92  11:43  SCV x2  
  92  11:44  Siege Tank  
  95  11:55  SCV, Planetary Fortress  
  94  12:02  Hellion x5  
  94  12:07  SCV, Orbital Command  
  104  12:13  Refinery  
  104  12:17  Refinery  
  104  12:21  Siege Tank  
  107  12:38  Hellion x2  
  100  12:44  Refinery  
  100  12:47  Widow Mine x2, Hellion x2  
  100  12:48  Hellion  
  78  13:08  Siege Tank  
  78  13:10  Hellion  
  78  13:11  Hellion  
  76  13:16  Siege Tank  
  76  13:17  Hellion x6  
  76  13:19  SCV x2  
  73  13:27  SCV  
  73  13:33  SCV x2  
  76  13:42  Widow Mine x2  
Tags
 
Add a new tag
Caveats
  • Supply blocks, unpowered buildings, or Contaminate may cause inaccurate times.
  • Supply counts are checked every 10 seconds.